 Dungeon Crawl Stone Soup version 0.28.0 (webtiles) character file.

Game seed: 11624097538336544869

52 horus123 the Shooter (level 3, 0/20 HPs)
             Began as a Deep Elf Arcane Marksman on Feb 8, 2022.
             Slain by Natasha (8 damage)
             ... on level 2 of the Dungeon.
             The game lasted 00:03:39 (2387 turns).

horus123 the Shooter (Deep Elf Arcane Marksman)     Turns: 2387, Time: 00:03:40

Health: 0/20       AC:  2    Str: 13    XL:     3   Next: 60%
Magic:  7/7        EV: 12    Int: 19    God:
Gold:   72         SH:  0    Dex: 15    Spells: 4/5 levels left

rFire   . . .      SeeInvis .   a - +0 shortbow
rCold   . . .      Faith    .   (shield currently unavailable)
rNeg    . . .      Spirit   .   d - +0 robe
rPois   .          Reflect  .   (no helmet)
rElec   .          Harm     .   (no cloak)
rCorr   .          Rampage  .   (no gloves)
Will    .....                   (no boots)
Stlth   +.........              (no amulet)
HPRegen 0.06/turn               h - +6 ring of strength
MPRegen 0.10/turn               (no ring)

@: no status effects
A: no striking features
a: no special abilities


You were on level 2 of the Dungeon.
You visited 1 branch of the dungeon, and saw 2 of its levels.

You collected 72 gold pieces.

Inventory:

Hand Weapons
 a - a +0 shortbow (weapon)
 e - a +0 war axe
 f - a +1 dagger of electrocution
 i - a +0 whip
Missiles
 c - 22 arrows (quivered ammo)
Armour
 d - a +0 robe (worn)
Jewellery
 h - a +6 ring of strength (left hand)
Scrolls
 l - a scroll of holy word
 m - 2 scrolls of identify {unknown}
 n - a scroll of amnesia
Potions
 b - a potion of flight {unknown}
 g - a potion of haste {unknown}
 j - 2 potions of mutation {unknown}
 k - a potion of brilliance {unknown}


   Skills:
 - Level 1.0 Fighting
 + Level 5.3 Bows
 - Level 2.4 Dodging
 - Level 1.5 Spellcasting
 - Level 4.0 Hexes


You had 4 spell levels left.
You knew the following spells:

 Your Spells              Type           Power      Damage    Failure   Level
a - Slow                  Hex            64%        N/A       3%          1

Your spell library contained the following spells:

 Spells                   Type           Power      Damage    Failure   Level
 Inner Flame              Hex/Fire       9%         N/A       24%         3
 Portal Projectile        Hex/Tloc       18%        N/A       24%         3
 Cause Fear               Hex            8%         N/A       34%         4


Dungeon Overview and Level Annotations

Branches:
Dungeon (2/15)

Altars:

Annotations:
D:2 Natasha


Message History

Found two gnoll skeletons.
There is an open door here.
A goblin comes into view. It is wielding a +0 dagger.
Found 13 gold pieces.
You shoot an arrow. The arrow hits the goblin.
You kill the goblin!
You now have 72 gold pieces (gained 13).
c - 27 arrows (gained 1)
You see here a +0 dagger.
You see here a +0 dagger.
There is an open door here.
You open the door.
Found a faded altar of an unknown god.
There is an open door here.
There is an open door here.
There is an open door here.
You see here an adder corpse.
There is a stone staircase leading down here.
Found 23 stones.
You see here 23 stones.
Natasha, Servant of Life and Death comes into view.
You shoot an arrow. The arrow hits Natasha.
Natasha hisses angrily.
Natasha is lightly wounded.
Natasha casts a spell at you. The magic dart hits you.
You shoot an arrow. The arrow closely misses Natasha.
Natasha claws you.
You shoot an arrow. The arrow misses Natasha.
Natasha barely misses you.
You shoot an arrow. The arrow hits Natasha.
Natasha is heavily wounded.
Natasha claws you.
You are too injured to fight recklessly!
You are too injured to fight recklessly!
You are too injured to fight recklessly!
Fire: 23 arrows
Press: ? - help, Q - select action, (/) - cycle Shift-Dir - straight line, f/p - Natasha
Aim: Natasha (heavily wounded, 53% to hit)
You shoot an arrow. The arrow barely misses Natasha.
Natasha claws you!
You die...

#...# #######
##...#####
#.....#
.........#
#.###.#
.........# #(#
#.#
.........######
#.# #.#
.....>........#
#.# #.#
#####.#######.#
#.# #.# # #.#
#.#####.# #.#
## #.#
#.#.@...# #.#
.# #.#
#.#h##### #.#
.# #.# #.#( #.#
.## #.# #.#.
#.# ..# #.#
#.#. #.#
#.###.# #.#.
#.# #..##.#
#.#. #.#
##.##)# #.#.
#.# ##..#.####
#.# #.#


You could see Natasha.

Vanquished Creatures
  An adder (D:2)
  A worm (D:2)
  2 dart slugs
  2 endoplasms (D:2)
  3 giant cockroaches
  6 goblins
  3 hobgoblins
  2 kobolds
  4 quokkas
  4 ball pythons
  3 bats (D:1)
  3 rats (D:1)
34 creatures vanquished.

Notes
Turn   | Place    | Note
-------+----------+-------------------------------------------
     0 | D:1      | horus123 the Deep Elf Arcane Marksman began the quest for
                  | the Orb.
     0 | D:1      | Reached XP level 1. HP: 11/11 MP: 5/5
    49 | D:1      | Reached skill level 1 in Fighting
   218 | D:1      | Reached skill level 3 in Bows
   348 | D:1      | Reached XP level 2. HP: 16/16 MP: 6/6
   518 | D:1      | Reached skill level 4 in Bows
  1565 | D:2      | Reached XP level 3. HP: 20/20 MP: 7/7
  2149 | D:2      | Reached skill level 5 in Bows
  2253 | D:2      | Found a faded altar of an unknown god.
  2382 | D:2      | Noticed Natasha
  2387 | D:2      | Slain by Natasha

Illustrated notes

Levels and vault maps discovered:
D:1:      minmay_arrival_loop, layout_basic, grunt_decor_one_mirror
D:2:      layout_basic, dilly_ecumenical_altar_fadedgnrine, uniq_natasha

Skill      XL: |  1  2  3 |
---------------+----------+-----
Fighting       | 1 |  1.0
Bows           | 3 4 5 |  5.3
Dodging        | |  2.4
Spellcasting   | |  1.5
Hexes          | |  4.0

Action                   || total
-------------------------++-------
Melee: Whip              ||     5
       War axe           ||     4
 Fire: Shortbow          ||    93
 Cast: Slow              ||     3
  Use: Scroll            ||     5
Armor: Robe              ||     4
Dodge: Dodged            ||    17
